 Dungeon Crawl Stone Soup version 0.13-a0-2355-g3ca5c6e (console) character file.

145 Illaniel the Charmwright (level 3, -1/23 HPs)
             Began as a High Elf Skald on July 12, 2013.
             Slain by a quokka (4 damage)
             ... on Level 2 of the Dungeon.
             The game lasted 00:06:18 (1488 turns).

Illaniel the Charmwright (High Elf Skald)           Turns: 1488, Time: 00:06:18

HP  -1/23        AC  4     Str 16      XL: 3   Next: 82%
MP   5/9         EV 11     Int 17      God:
Gold 85          SH  0     Dex 14      Spells:  3 memorised,  2 levels left

Res.Fire  : . . .   See Invis. : .   a - +0 elf short sword
Res.Cold  : . . .   Warding    : .   b - +0 elf leather armour
Life Prot.: . . .   Conserve   : .   (no shield)
Res.Poison: .       Res.Corr.  : .   (no helmet)
Res.Elec. : .       Clarity    : +   o - +0 cloak
Sust.Abil.: . .     Spirit.Shd : .   (no gloves)
Res.Mut.  : .       Stasis     : .   (no boots)
Res.Rott. : .       Flight     : .   l - amulet of clarity {unknown}
Saprovore : . . .                    (no ring)
                                     e - +5 ring of strength

@: shrouded, slightly resistant to hostile enchantments, unstealthy
A: no striking features
a: no special abilities


You were on level 2 of the Dungeon.
You were hungry.

You visited 1 branch of the dungeon, and saw 2 of its levels.

You collected 65 gold pieces.

Inventory:

Hand weapons
 a - a +0,+0 elven short sword (weapon)
Armour
 b - a +0 elven leather armour (worn)
 o - a +0 cloak (worn)
Comestibles
 d - 2 bread rations
 g - 12 grapes
 m - 11 sultanas
Scrolls
 f - 2 scrolls of recharging {unknown}
 i - a scroll of noise {unknown}
 j - a scroll of enchant weapon I {unknown}
 k - 2 scrolls of identify {unknown}
 n - a scroll of random uselessness {unknown}
Jewellery
 e - a +5 ring of strength (left hand)
 l - an amulet of clarity (around neck) {unknown}
Potions
 h - a potion of agility {unknown}
Books
 c - a book of Battle

   Spells                             Type                      Level
   *Infusion                          Charms                       1
   *Shroud of Golubria                Charms/Translocation         2
   *Song of Slaying                   Charms                       2
   Spectral Weapon                    Hexes/Charms                 3
   Regeneration                       Charms/Necromancy            3
   Song of Shielding                  Charms                       4


   Skills:
 + Level 2.4 Fighting
 - Level 2.4 Short Blades
 + Level 1.6 Armour
 + Level 2.1 Dodging
 + Level 2.8 Spellcasting
 + Level 4.2 Charms


You had 2 spell levels left.
You knew the following spells:

 Your Spells              Type           Power        Failure   Level  Hunger
a - Infusion              Chrm           ###...       3%          1    #......
b - Song of Slaying       Chrm           ###.......   6%          2    ##.....
h - Shroud of Golubria    Chrm/Tloc      #.........   14%         2    ##.....


Dungeon Overview and Level Annotations

Branches:
Dungeon (2/27)

Altars:


Message History

Space distorts slightly along a thin shroud covering your body.
Casting: Shroud of Golubria
Confirm with . or Enter, or press ? or * to list all spells.
Your attacks are magically infused.
You see here a leather armour.
You closely miss the quokka. The quokka completely misses you.
You closely miss the quokka. The quokka barely misses you.
You completely miss the quokka. The quokka bites you.
Your shroud falls apart!
You miss the quokka. The quokka bites you.
* * * LOW HITPOINT WARNING * * *
Casting: Infusion
Confirm with . or Enter, or press ? or * to list all spells.
Space distorts slightly along a thin shroud covering your body.
You are feeling hungry.
The quokka misses you.
You hit the quokka.
The quokka is heavily wounded.
The quokka bites you.
You die... ▒▒▒ ▒∙∙∙▒■▒ ▒∙∙ ∙∙∙∙∙ ▒▒∙▒▒▒∙∙∙∙∙∙ ∙∙▒▒▒ ∙∙∙∙∙∙)∙∙∙∙∙∙∙∙∙∙∙∙∙∙ ▒∙∙∙▒∙∙∙∙∙)∙∙∙∙∙▒∙∙∙∙ ▒∙∙∙▒∙∙∙∙∙∙∙∙∙∙∙▒∙∙∙▒ ▒∙▒∙▒∙∙▒■▒▒∙∙∙∙∙∙∙∙∙▒ ∙∙∙∙∙∙∙∙∙∙∙∙∙∙∙∙∙▒∙▒▒▒▒▒ ∙∙∙∙∙∙∙∙∙∙∙∙∙∙∙∙∙∙>∙∙∙∙∙

▒▒▒∙▒▒∙∙∙∙∙∙∙∙∙∙(∙∙∙∙∙▒
▒<▒▒∙∙▒∙∙∙∙∙∙[@r∙▒
▒▒▒▒∙∙▒∙▒∙∙∙▒∙∙▒▒▒
▒▒▒▒∙∙▒∙▒∙∙∙▒∙∙∙∙∙
▒∙∙∙∙∙▒∙▒∙∙∙▒∙▒▒▒▒▒
▒∙▒▒∙▒▒∙▒▒▒∙▒∙∙
▒∙▒▒∙▒▒∙▒ ▒∙▒▒∙
▒∙∙∙∙▒▒∙▒ ▒∙▒ ▒▒
▒▒▒▒▒▒▒∙∙ ∙∙▒ ▒∙▒ ▒▒▒


You could see a quokka.

Vanquished Creatures
  2 adders (D:2)
  A worm (D:2)
  A giant gecko (D:1)
  An ooze (D:2)
  5 bats
  2 giant cockroaches
  6 goblins
  3 hobgoblins
  2 jackals (D:1)
  5 kobolds
  A ball python (D:1)
  2 giant newts
  4 rats (D:1)
35 creatures vanquished.

Vanquished Creatures (others)
  A kobold (D:2)
1 creature vanquished.

Grand Total: 36 creatures vanquished

Notes
Turn   | Place    | Note
--------------------------------------------------------------
     0 | D:1      | Illaniel, the High Elf Skald, began the quest for the Orb.
     0 | D:1      | Reached XP level 1. HP: 13/13 MP: 4/4
    16 | D:1      | Reached skill level 1 in Armour
    91 | D:1      | Reached XP level 2. HP: 18/18 MP: 1/6
    97 | D:1      | Learned a level 2 spell: Song of Slaying
   100 | D:1      | Learned a level 2 spell: Shroud of Golubria
   596 | D:1      | Reached skill level 4 in Charms
   773 | D:2      | Reached XP level 3. HP: 23/23 MP: 1/8
   894 | D:2      | HP: 1/23 [kobold/short sword (7)]
   900 | D:2      | HP: 1/23 [kobold/short sword (1)]
  1488 | D:2      | Slain by a quokka

Action                   || total
-------------------------++-------
Melee: Short sword       ||   124
 Cast: Infusion          ||    18
       Shroud of Golubri ||     7
       Song of Slaying   ||     2
